 Dungeon Crawl Stone Soup version 0.27.1-35-g4d5d836560 (console) character file.

Game seed: 11238994337122498966

231 Banquo the Chopper (level 6, -12/47 HPs)
             Began as a Formicid Fighter on Feb 26, 2022.
             Was a Believer of Zin.
             Mangled by an ogre (13 damage)
             ... on level 4 of the Dungeon.
             The game lasted 00:10:13 (4101 turns).

Banquo the Chopper (Formicid Fighter)               Turns: 4101, Time: 00:10:14

Health: -12/47     AC: 11    Str: 23    XL:     6   Next: 24%
Magic:  0/6        EV:  6    Int:  9    God:    Zin [**....]
Gold:   108        SH:  9    Dex: 11    Spells: 5/5 levels left

rFire    . . .     SeeInvis +   a - +0 war axe
rCold    . . .     Faith    .   i - +0 kite shield
rNeg     . . .     Spirit   +   d - +0 chain mail {Will+}
rPois    ∞         Reflect  .   (helmet unavailable)
rElec    .         Harm     .   (no cloak)
rCorr    .         Rampage  .   g - +0 pair of gloves
Will     +....                  f - +0 pair of boots
Stlth    ..........             h - amulet of guardian spirit
HPRegen  0.15/turn              (no ring)
MPRegen  0.10/turn              (no ring)

@: vitalised
A: permanent stasis, dig shafts and tunnels, antennae 3, four strong arms
a: Dig, Shaft Self, Renounce Religion, Recite, Vitalisation, Donate Gold


You were on level 4 of the Dungeon.
You worshipped Zin.
Zin was pleased with you.
You visited 1 branch of the dungeon, and saw 4 of its levels.

You collected 120 gold pieces.
You donated 12 gold pieces to Zin.

Inventory:

Hand Weapons
 a - a +0 war axe (weapon)
 s - a +0 spear
Missiles
 c - 56 arrows
 j - 81 stones
 t - 14 bolts
 A - 12 poisoned darts
Armour
 d - a +0 chain mail of willpower (worn)
 f - a +0 pair of boots (worn)
 g - a +0 pair of gloves (worn)
 i - a +0 kite shield (worn)
 r - a +0 scale mail
 v - a +0 plate armour
Jewellery
 h - an amulet of guardian spirit (around neck)
 p - a ring of fire
 y - a +6 ring of intelligence
Scrolls
 e - 4 scrolls of identify {unknown}
 k - 2 scrolls of teleportation {unknown}
 o - a scroll of magic mapping {unknown}
 q - a scroll of silence {unknown}
 z - a scroll of vulnerability {unknown}
 B - a scroll of amnesia {unknown}
Potions
 b - a potion of might
 l - 2 potions of flight {unknown}
 m - a potion of resistance {unknown}
 n - a potion of heal wounds {unknown}
 u - 2 potions of curing {unknown}
 w - a potion of brilliance {unknown}
 x - a potion of lignification {unknown}


   Skills:
 * Level 3.5 Fighting
 * Level 5.4 Axes
 * Level 3.6 Armour
 * Level 4.0 Shields
 * Level 1.0 Invocations


You had 5 spell levels left.
You didn't know any spells.
Your spell library contained the following spells:

 Spells                   Type           Power      Damage    Failure   Level
 Animate Skeleton         Necr           0%         N/A       100%        1
 Apportation              Tloc           0%         N/A       100%        1
 Corona                   Hex            0%         N/A       100%        1
 Summon Small Mammal      Summ           0%         N/A       100%        1
 Summon Forest            Summ/Tloc      0%         N/A       100%        5
 Eringya's Noxious Bog    Tmut/Pois      0%         N/A       100%        6
 Summon Hydra             Summ           0%         N/A       100%        7


Dungeon Overview and Level Annotations

Branches:
Dungeon (4/15)
 Temple: D:4-7

Altars:
Fedhas
Nemelex Xobeh
Ru
Xom
Zin

Shops:
D:1 [   D:2 :

Portals:
Ossuary: D:4


Innate Abilities, Weirdness & Mutations

You cannot be hasted, slowed, berserked, paralysed or teleported.
You can dig through walls and to a lower floor.
You have a pair of large antennae on your head. (SInv)
Your four strong arms can wield two-handed weapons with a shield.


Message History

You start resting.
Magic restored.
You start resting.
You sense a monster nearby.
You start resting.
You hear the slow hiss of an avalanche of sand very nearby.
An ogre comes into view. It is wielding a +0 giant spiked club.
The ogre shouts!
Zin grants you divine stamina.
You slash the ogre!
The ogre is moderately wounded.
You block the ogre's attack.
You slash the ogre!
The ogre is severely wounded.
A scorpion comes into view.
You block the ogre's attack.
You barely miss the ogre.
The ogre is severely wounded.
The ogre hits you with a +0 giant spiked club.
The ogre barely misses you.
You barely miss the ogre.
The ogre is severely wounded.
You block the ogre's attack.
You hit the ogre.
The ogre is severely wounded.
The ogre hits you with a +0 giant spiked club!!
Ouch! That really hurt!
* * * LOW HITPOINT WARNING * * *
You hit the ogre but do no damage.
The ogre is severely wounded.
The ogre hits you with a +0 giant spiked club!
* * * LOW HITPOINT WARNING * * *
You completely miss the ogre.
The ogre is severely wounded.
The ogre hits you with a +0 giant spiked club.
* * * LOW HITPOINT WARNING * * *
You closely miss the ogre.
The ogre is severely wounded.
The ogre hits you with a +0 giant spiked club!
You die...

..# #.. ..## ##..
.... ##..# #..
####...# #.#
#......#####.#
#......+.....#
#......##.#.## ..
#. #.....sO@.##)#
... #.
#......##.#.##
...# #.
###..#.<#.###
#...#[ #...#..#.#
#.?#.###.∩.#..#.#
{
#.......†..####.#
#..#.....#.......
#..#..#(......
#.[##.#.##### {


You could see an ogre and a scorpion.

Vanquished Creatures
  A howler monkey (D:4)
  Terence (D:2)
  Natasha (thrice) (D:2)
  3 adders
  3 worms (D:2)
  A dart slug (D:2)
  An orc (D:3)
  5 ball pythons
  3 bats
  6 endoplasms
  2 giant cockroaches
  3 goblins
  5 hobgoblins
  2 jackals (D:2)
  2 quokkas
  2 frilled lizards (D:1)
  8 kobolds
  5 rats
56 creatures vanquished.

Notes
Turn   | Place    | Note
-------+----------+-------------------------------------------
     0 | D:1      | Banquo the Formicid Fighter began the quest for the Orb.
     0 | D:1      | Reached XP level 1. HP: 18/18 MP: 1/1
   328 | D:1      | Found Bem Tuuk's Armour Emporium.
   388 | D:1      | Reached XP level 2. HP: 24/24 MP: 2/2
  1097 | D:2      | Reached skill level 3 in Axes
  1169 | D:2      | Noticed Terence
  1177 | D:2      | Killed Terence
  1178 | D:2      | Reached XP level 3. HP: 13/29 MP: 0/3
  1544 | D:2      | Reached skill level 4 in Axes
  1544 | D:2      | Reached XP level 4. HP: 30/35 MP: 4/4
  1771 | D:2      | Noticed Natasha
  1789 | D:2      | Killed Natasha
  2083 | D:2      | Found Dopof's Book Shoppe.
  2231 | D:2      | Reached XP level 5. HP: 41/41 MP: 5/5
  2441 | D:2      | Found a faded altar of an unknown god.
  2448 | D:2      | Became a worshipper of Zin the Law-Giver
  2448 | D:2      | Reached * piety under Zin
  2533 | D:2      | Noticed Natasha
  2539 | D:2      | Killed Natasha
  2540 | D:2      | Reached skill level 5 in Axes
  2757 | D:2      | Found Dopof's Book Shoppe.
  3022 | D:2      | Noticed Natasha
  3034 | D:2      | Killed Natasha
  3151 | D:2      | Found a glowing silver altar of Zin.
  3229 | D:3      | Found a sacrificial altar of Ru.
  3230 | D:3      | Found a sparkling altar of Nemelex Xobeh.
  3259 | D:3      | Found a shimmering altar of Xom.
  3262 | D:3      | Found a blossoming altar of Fedhas.
  3553 | D:3      | Found a large runed translucent door.
  3553 | D:3      | Found a large runed translucent door.
  3553 | D:3      | Found a shimmering altar of Xom.
  3696 | D:3      | Reached ** piety under Zin
  3998 | D:4      | Found a sand-covered staircase.
  4032 | D:4      | Reached XP level 6. HP: 39/47 MP: 4/6
  4043 | D:4      | Reached skill level 1 in Invocations
  4089 | D:4      | Noticed an ogre
  4100 | D:4      | HP: 1/47 [ogre (2)]
  4101 | D:4      | Mangled by an ogre

Illustrated notes

Levels and vault maps discovered:
D:1:      dpeg_arrival_arbitrary_a, layout_basic, serial_shops,
          nicolae_shop_crystal, corexii_item_surrounded_by_moat
D:2:      layout_basic, dilly_ecumenical_altar_fadedgnrine, serial_shops, shop,
          uniq_terence, uniq_natasha
D:3:      due_chaos_kobolds, layout_loops_ring, grunt_temple_overflow_open
D:4:      layout_basic, mainiacjoe_overflow_alcove_2,
          mainiacjoe_overflow_alcove_1, lemuel_round_altar,
          mainiacjoe_overflow_boulevard, serial_shops, nicolae_shop_waterfront,
          enter_ossuary_3

Skill      XL: |  1  2  3  4  5  6 |
---------------+-------------------+-----
Axes           | 3 4 5 |  5.4
Shields        | 4 |  4.0
Invocations    | 1 |  1.0
Fighting       | |  3.5
Armour         | |  3.6

Action                   |  1- 3 |  4- 6 || total
-------------------------+-------+-------++-------
Melee: War axe           |    72 |   117 ||   189
Invok: Vitalisation      |       |     1 ||     1
 Abil: Dig               |       |     5 ||     5
Armor: Scale mail        |    19 |    22 ||    41
       Chain mail        |       |    29 ||    29
Dodge: Dodged            |    23 |    32 ||    55
Block: Kite shield       |    29 |    70 ||    99
